 Dungeon Crawl Stone Soup version 0.30-a0-1157-g2cc9ac7196 (webtiles) character file.

Game seed: 3582691951426806596

297105 Pooter the Executioner (level 20, -1/188 HPs)
             Began as a Minotaur Hunter on Apr 23, 2023.
             Was a High Priest of Okawaru.
             Slain by a dire elephant (8 damage)
             ... on level 1 of the Vaults on Apr 24, 2023.
             The game lasted 04:38:40 (67931 turns).

Pooter the Executioner (Minotaur Hunter)           Turns: 67931, Time: 04:38:41

Health: -1/188     AC: 33    Str: 25    XL:     20   Next: 9%
Magic:  30/30      EV: 11    Int: 16    God:    Okawaru [*****.]
Gold:   484        SH:  0    Dex: 16    Spells: 19/19 levels left

rFire   + . .        a - +1 battleaxe (heavy)
rCold   + . .        (shield currently unavailable)
rNeg    . . .        y - +0 gold dragon scales "Ripuwn" {rPois rF+ rC+ Will+ Str+3}
rPois   +            (helmet restricted)
rElec   .            u - scarf {repulsion}
rCorr   +            L - +3 pair of gauntlets of War {Slay+5}
SInv    +            p - +1 pair of boots "Muef" {rC+ rCorr}
Will    ++...        c - amulet of Hiki {RegenMP +Blink Str+3 Int+2 SInv} Stlth
                     P - ring of Sunlight {rPois rC- AC+4 Slay+5}
HPRegen 0.51/turn    X - +4 ring of slaying
MPRegen 0.62/turn

%: repel missiles, clarity
@: heroic, studying 2 skills
A: horns 2, retaliatory headbutt, talons 1, clarity, clever 2, wild magic 1
}: 2/15 runes: barnacled, gossamer
a: Renounce Religion, Evoke Blink, Heroism, Finesse, Duel


You were on level 1 of the Vaults.
You worshipped Okawaru.
Okawaru was extremely pleased with you.
You visited 9 branches of the dungeon, and saw 39 of its levels.
You visited the Abyss 1 time.
You also visited: Gauntlet and Volcano.

You collected 4336 gold pieces.
You spent 3852 gold pieces at shops.

Inventory:

Hand Weapons
 a - a +1 heavy battleaxe (weapon)
   (You subdued it on level 1 of the Elven Halls)
 b - a +4 heavy arbalest
   (You took it off an orc warrior on level 6 of the Dungeon)
 Z - a +5 executioner's axe of flaming
   (Okawaru gifted it to you on level 4 of the Spider Nest)
Missiles
 m - 21 javelins (quivered)
 o - 11 atropa-tipped darts
 q - 24 boomerangs
 r - 5 curare-tipped darts
 E - 9 silver javelins
 W - 4 silver boomerangs
Armour
 d - a +7 plate armour
   (You found it on level 6 of the Dungeon)
 p - the +1 pair of boots "Muef" (worn) {rC+ rCorr}
   (You found it on level 4 of the Spider Nest)

   rC:        It protects you from cold.
   rCorr:     It protects you from acid and corrosion.
 u - a scarf of repulsion (worn)
   (You found it on level 4 of the Spider Nest)
 x - the +5 chain mail of the Sun {rElec rF- Regen+ SInv}
   (You took it off a tengu warrior on level 12 of the Dungeon)

   rF:        It makes you vulnerable to fire.
   rElec:     It insulates you from electricity.
   SInv:      It lets you see invisible.
   Regen:     It increases your rate of health regeneration.
 y - the +0 gold dragon scales "Ripuwn" (worn) {rPois rF+ rC+ Will+ Str+3}
   (You bought it in a shop on level 2 of the Elven Halls)

   Str:       It affects your strength (+3).
   rF:        It protects you from fire.
   rC:        It protects you from cold.
   rPois:     It protects you from poison.
   Will:      It increases your willpower.
 L - the +3 pair of gauntlets of War (worn) {Slay+5}
   (You found it on level 9 of the Dungeon)

   Slay:      It affects your accuracy & damage with ranged weapons and melee
   (+5).
Jewellery
 c - the amulet of Hiki (around neck) {RegenMP +Blink Str+3 Int+2 SInv}
   (You found it on level 4 of the Lair of Beasts)

   [amulet of magic regeneration]

   It increases your rate of magic regeneration.
   Str:       It affects your strength (+3).
   Int:       It affects your intelligence (+2).
   SInv:      It lets you see invisible.
   +Blink:    It lets you blink.
 g - a ring of flight
   (You found it on level 1 of the Dungeon)
 l - the ring of Ileyrot {Will+ Str+5}
   (You found it on level 5 of the Lair of Beasts)

   [ring of willpower]

   Str:       It affects your strength (+5).
   Will:      It increases your willpower.
 s - a +6 ring of dexterity
   (You found it on level 1 of the Lair of Beasts)
 F - a ring of protection from fire
   (You found it on level 5 of the Dungeon)
 I - a ring of protection from cold
   (You found it on level 2 of the Dungeon)
 N - a ring of positive energy
   (You found it on level 4 of the Dungeon)
 O - an amulet of regeneration
   (You found it on level 5 of the Dungeon)
 P - the ring of Sunlight (left hand) {rPois rC- AC+4 Slay+5}
   (You found it in a Gauntlet)

   [ring of protection]

   AC:        It affects your AC (+4).
   Slay:      It affects your accuracy & damage with ranged weapons and melee
   (+5).
   rC:        It makes you vulnerable to cold.
   rPois:     It protects you from poison.
 X - a +4 ring of slaying (right hand)
   (You bought it in a shop on level 11 of the Dungeon)
Wands
 f - a wand of flame (104)
   (You found it on level 4 of the Dungeon)
 v - a wand of quicksilver (30)
   (You found it on level 7 of the Dungeon)
 D - a wand of digging (6)
   (You found it on level 2 of the Lair of Beasts)
 M - a wand of roots (44)
   (You found it on level 5 of the Dungeon)
 V - a wand of polymorph (11)
   (You took it off Dowan on level 6 of the Dungeon)
Scrolls
 e - 4 scrolls of immolation {!r}
 i - 4 scrolls of enchant armour
 t - 8 scrolls of teleportation {@r4}
 B - a scroll of silence
 C - 2 scrolls of magic mapping
 G - 3 scrolls of fear
 R - 6 scrolls of fog
 U - 4 scrolls of poison
Potions
 h - 8 potions of heal wounds {@q2}
 j - 6 potions of cancellation
 k - 15 potions of curing {@q1}
 n - 7 potions of might
 w - 5 potions of lignification {!q}
 z - 3 potions of flight
 A - 5 potions of resistance
 H - 3 potions of invisibility
 J - 9 potions of haste {@q3}
 K - 9 potions of mutation {!q}
 T - 4 potions of magic
 Y - 4 potions of attraction {!q}
Miscellaneous
 Q - a tin of tremorstones (2/2)
   (You found it on level 14 of the Dungeon)


   Skills:
 + Level 18.3(23.3) Fighting
 - Level 3.3(8.3) Long Blades
 - Level 21.6(27) Axes
 - Level 1.2(19.3) Maces & Flails
 - Level 7.8(21.0) Polearms
 - Level 21.2(26.2) Ranged Weapons
 + Level 4.0(9.0) Throwing
 + Level 13.4(18.4) Armour
 + Level 7.8(12.8) Dodging
 + Level 6.1(11.1) Stealth
 - Level 15.3 Invocations
 - Level 10.0 Evocations


You had 19 spell levels left.
You didn't know any spells.
Your spell library contained the following spells:

 Spells                   Type           Power      Damage    Failure   Level
 Beastly Appendage        Tmut           0%         N/A       99%         1
 Foxfire                  Conj/Fire      0%         2x1d4     99%         1
 Kiss of Death            Conj/Necr      0%         2d5       99%         1
 Magic Dart               Conj           0%         1d3       99%         1
 Necrotise                Necr           0%         1d4       99%         1
 Shock                    Conj/Air       0%         1d3       99%         1
 Sting                    Tmut/Pois      0%         1d3       99%         1
 Cigotuvi's Dreadful Rot  Necr/Pois/Air  0%         N/A       100%        2
 Ensorcelled Hibernation  Hex/Ice        0%         N/A       100%        2
 Poisonous Vapours        Pois/Air       0%         N/A       100%        2
 Searing Ray              Conj           0%         2d4       100%        2
 Confusing Touch          Hex            0%         N/A       100%        3
 Dazzling Flash           Conj/Hex       0%         N/A       100%        3
 Hailstorm                Conj/Ice       0%         3d3       100%        3
 Ignite Poison            Fire/Tmut/Pois 0%         N/A       100%        3
 Mephitic Cloud           Conj/Pois/Air  0%         N/A       100%        3
 Spider Form              Tmut/Pois      0%         N/A       100%        3
 Stone Arrow              Conj/Erth      0%         3d7       100%        3
 Swiftness                Air            0%         N/A       100%        3
 Vampiric Draining        Necr           0%         2d6       100%        3
 Volatile Blastmotes      Fire/Tloc      0%         2d10      100%        3
 Airstrike                Air            0%         2d(0-16)  100%        4
 Anguish                  Hex/Necr       0%         N/A       100%        4
 Dispel Undead            Necr           0%         3d6       100%        4
 Flame Wave               Conj/Fire      0%         2d4       100%        4
 Fulminant Prism          Conj/Hex       0%         3d5       100%        4
 Ice Form                 Ice/Tmut       0%         N/A       100%        4
 Iskenderun's Mystic Bla  Conj/Tloc      0%         2d3       100%        4
 Petrify                  Tmut/Erth      0%         N/A       100%        4
 Agony                    Necr           0%         N/A       100%        5
 Alistair's Intoxication  Tmut/Pois      0%         N/A       100%        5
 Borgnjor's Vile Clutch   Necr/Erth      0%         N/A       100%        5
 Fireball                 Conj/Fire      0%         3d3       100%        5
 Freezing Cloud           Conj/Ice/Air   0%         6-21      100%        5
 Irradiate                Conj/Tmut      0%         3d11      100%        5
 Iskenderun's Battlesphe  Conj           0%         2d6       100%        5
 Lee's Rapid Deconstruct  Erth           0%         3d4*      100%        5
 Metabolic Englaciation   Hex/Ice        0%         N/A       100%        5
 Conjure Ball Lightning   Conj/Air       0%         3x3d6     100%        6
 Eringya's Noxious Bog    Tmut/Pois      0%         N/A       100%        6
 Plasma Beam              Fire/Air       0%         2x1d11    100%        6
 Starburst                Conj/Fire      0%         6d3       100%        6
 Statue Form              Tmut/Erth      0%         N/A       100%        6
 Orb of Destruction       Conj           0%         9d5       100%        7
 Lehudib's Crystal Spear  Conj/Erth      0%         10d2      100%        8
 Shatter                  Erth           0%         3d5*      100%        9
 Animate Armour           Summ/Erth      Unusable   N/A       N/A         4
 Death Channel            Necr           Unusable   N/A       N/A         6
 Simulacrum               Ice/Necr       Unusable   N/A       N/A         6
 Summon Horrible Things   Summ           Unusable   N/A       N/A         8
 Dragon's Call            Summ           Unusable   N/A       N/A         9

Dungeon Overview and Level Annotations

Branches:
Dungeon (15/15)            Temple (1/1) D:5            Lair (5/5) D:11
 Shoals (4/4) Lair:2       Spider (4/4) Lair:2        Slime (4/5) Lair:5
    Orc (2/2) D:12            Elf (3/3) Orc:2        Vaults (1/5) D:13
 Depths (0/4) D:15        Volcano (visited)         Gauntlet (visited)

Altars:
Ashenzari
Cheibriados
Dithmenos
Elyvilon
Fedhas
Gozag
Hepliaklqana
Kikubaaqudgha
Nemelex Xobeh
Okawaru
Qazlal
Ru
Sif Muna
Trog
Uskayaw
Vehumet
Xom
Yredelemnul
Zin
The Shining One
Jiyva
Lugonu

Shops:
D:11 ?=   Orc:2 :?*(   Elf:2 [   Elf:3 :==(   Shoals:2 (?

Portals:
Abyss: Lair:5
Trove: D:11 (give +2 gold dragon scales)

Annotations:
Elf:2 3 runed translucent doors


Innate Abilities, Weirdness & Mutations

You have a pair of horns on your head.
You reflexively headbutt those who attack you in melee.
You have sharp toenails.
You possess an exceptional clarity of mind.
Your mind is very acute. (Int +8, Str/Dex -2)
Your spells are a little harder to cast, but a little more powerful.


Message History

The dire elephant goes berserk!
The dire elephant tramples you but does no damage.
The dire elephant barely misses you.
Strange energies crackle from the ironbound thunderhulk's apparatus.
The ironbound thunderhulk blinks!
The moth of wrath bites you but does no damage.
The dire elephant tramples you!!
You stumble backwards!
The ironbound thunderhulk moves out of view.
a - a +1 heavy battleaxe (weapon)
You gain the combat prowess of a mighty hero.
The dire elephant tramples you!
You stumble backwards!
The moth of wrath goads the dire elephant on!
The dire elephant goes berserk!
The dire elephant tramples you!!
You stumble backwards!
You cut the dire elephant into ribbons!!!
You headbutt the dire elephant, but do no damage.
The dire elephant tramples you!
You hold your ground!
The dire elephant trunk-slaps you.
You barely miss the dire elephant. The dire elephant tramples you.
* * * LOW HITPOINT WARNING * * *
You hold your ground!
The dire elephant closely misses you.
You hear a trumpeting!
You chop the moth of wrath into pieces!!!!
You kill the moth of wrath!
Okawaru accepts your kill.
The ironbound convoker returns to its original shape as it dies.
You cut the dire elephant into ribbons!!!
Electricity crackles from the ironbound thunderhulk's apparatus.
The bolt of lightning hits you!!!
* * * LOW HITPOINT WARNING * * *
The dire elephant closely misses you. The dire elephant trunk-slaps you.
* * * LOW HITPOINT WARNING * * *
You slash the dire elephant!
You headbutt the dire elephant, but do no damage.
The dire elephant tramples you but does no damage.
The dire elephant trunk-slaps you but does no damage.
The dire elephant closely misses you. You furiously retaliate!
You headbutt the dire elephant. The dire elephant trunk-slaps you!
* * * LOW HITPOINT WARNING * * *
You carve the dire elephant like a ham!!!
You slash the dire elephant!
You hear a shout!
The dire elephant tramples you!!!
* * * LOW HITPOINT WARNING * * *
You hold your ground!
The dire elephant barely misses you. The dire elephant misses you.
The dire elephant trunk-slaps you but does no damage.
The dire elephant closely misses you. You furiously retaliate!
You headbutt the dire elephant!! The dire elephant trunk-slaps you!
You die...

..#.... .#..#.. O.... ...
##+#####Y###'##
#............).
#....#O...#..(.
#.#..YY......#.
#...@Y#..#.....
######..#........#..
#...................
#+######....#...########...
..#....'..#.....# ...
..#....'.....#[.#
..#.#..#..^#....#
..'....#........#
..#+#############


You could see 4 dire elephants and an ironbound thunderhulk.

Vanquished Creatures
  Arachne (Spider:4)
  A bone dragon (Abyss:3)
  Rupert (Arena)
  A kraken (Shoals:4)
  3 acid blobs
  Frances (Arena)
  Polyphemus (Shoals:2)
  The ghost of Esekla the Eclecticist, an adept OpDe of Gozag (Shoals:4)
  Agnes (Arena)
  2 tentacled starspawn (Abyss:3)
  Ilsuiw (Shoals:2)
  3 azure jellies
  4 rockslimes
  7 emperor scorpions
  Louise (Shoals:3)
  A deep elf sorcerer (Elf:1)
  6 ghost moths
  The ghost of jasper the Bewitcher, an adept SpCj of Vehumet (Lair:3)
  3 very ugly things
  The ghost of Imiczer the Cleaver, a journeyman FoFi of Okawaru (D:14)
  A quicksilver ooze (Slime:2)
  2 ironbound thunderhulks (Vaults:1)
  2 broodmothers
  A deep elf demonologist (Elf:2)
  A lorocyproca (Abyss:3)
  2 deep elf annihilators (Elf:1)
  2 spark wasps
  2 minotaurs
  Azrael (Spider:3)
  The ghost of jasper the Spry, a journeyman FeCj of Vehumet (Elf:1)
  4 merfolk javelineers
  A fire dragon (D:15)
  5 merfolk impalers
  2 entropy weavers
  A yaktaur captain (D:13)
  Fannar (D:10)
  A deep elf high priest (Elf:1)
  4 vault guards (Elf:1)
  2 rakshasas
  8 hydras
  A catoblepas (Shoals:2)
  7 ogre magi
  3 merfolk aquamancers
  An alligator snapping turtle (Shoals:4)
  2 merfolk avatars
  26 two-headed ogres
  2 tengu warriors
  5 death yaks
  8 centaur warriors
  4 boulder beetles
  3 satyrs
  2 ironbound frosthearts (Vaults:1)
  2 radroaches
  A death scarab (Gauntlet)
  3 orc high priests
  11 dancing weapons
  A hell knight (Volcano)
  11 deep elf knights
  Sonja (D:13)
  5 thrashing horrors
  3 skysharks
  Amaemon (D:8)
  A skeletal warrior (D:12)
  Lodul (D:12)
  The ghost of patfeehan111222 the Cleaver, a novice DsBe of Trog (D:7)
  A spectral catoblepas (Gauntlet)
  A sun moth (Spider:2)
  13 pharaoh ants
  10 sea snakes
  A wretched star (Abyss:3)
  16 orb spiders
  A glowing orange brain (D:15)
  8 deep elf archers
  4 starcursed masses (Abyss:3)
  A wizard (Elf:1)
  4 orc knights
  3 steelbarb worms
  15 harpies
  2 orc sorcerers
  27 deep elf zephyrmancers
  A manticore (shapeshifter) (D:12)
  11 manticores
  22 deep elf pyromancers
  2 shining eyes (Slime:1)
  24 wolf spiders
  10 cyclopes
  21 fauns
  The ghost of sleeves the Arsonist, a novice DsFE of Gozag (D:6)
  5 merfolk sirens
  21 ugly things
  15 elephants
  Joseph (D:9)
  8 black mambas
  2 molten gargoyles (Volcano)
  Maurice (D:13)
  3 moths of wrath
  An orange demon (D:8)
  A smoke demon (Lair:5)
  9 water nymphs
  12 demonic crawlers
  2 gargoyles
  13 cane toads
  4 torpor snails
  15 komodo dragons
  An unseen horror (shapeshifter) (D:15)
  An unseen horror (D:12)
  3 rime drakes
  5 kobold demonologists
  Maggie (D:8)
  An efreet (Gauntlet)
  2 yaktaurs (D:13)
  4 ancient zymes
  18 merfolk
  2 queen bees (shapeshifter)
  4 meliai
  8 trolls
  A queen bee (D:13)
  2 polar bears
  11 snapping turtles
  A hornet (D:8)
  15 tarantellas
  7 wind drakes
  23 blink frogs
  6 dream sheep (Shoals:3)
  2 raiju (Abyss:3)
  Sigmund (D:2)
  6 air elementals
  4 large abominations
  49 slime creatures
  A centaur simulacrum (Abyss:3)
  3 shadows
  5 flying skulls (Abyss:3)
  40 jumping spiders
  25 culicivoras
  9 wyverns
  2 vampires
  4 ynoxinuls (Lair:5)
  5 wraiths
  59 yaks
  11 basilisks
  2 fire bats (Volcano)
  Grum (D:9)
  16 water elementals
  10 small abominations
  A basilisk (shapeshifter) (Lair:5)
  10 fire elementals
  A chaos spawn (Lair:5)
  2 steam dragons
  15 vampire mosquitoes
  3 golden eyes (Slime:3)
  39 redbacks
  Menkaure (D:4)
  An acid dragon (D:10)
  6 wargs
  7 hell hounds
  A floating eye (Slime:1)
  18 water moccasins
  Duvessa (D:6)
  3 ice beasts
  22 orc warriors
  A black bear (D:6)
  A sky beast (D:8)
  A boggart (Elf:1)
  45 ogres
  17 wolves
  22 centaurs
  8 bullfrogs
  5 kobold brigands
  5 gnoll sergeants
  6 earth elementals
  5 scorpions
  7 wights
  Dowan (D:6)
  15 killer bees
  6 electric eels
  9 howler monkeys
  7 lava snakes (Volcano)
  3 jellies (Lair:5)
  2 hounds (D:7)
  16 orc priests
  Crazy Yiuf (D:4)
  2 gnoll boudas
  2 sleepcaps
  3 iguanas
  20 orc wizards
  A hell rat (D:11)
  A mummy (D:8)
  2 river rats (D:11)
  4 adders
  18 gnolls
  An ufetubus (D:6)
  7 worms
  2 dart slugs
  74 orcs
  3 bats
  5 endoplasms
  9 giant cockroaches
  7 goblins
  10 hobgoblins
  19 jackals
  7 quokkas
  9 ball pythons
  3 frilled lizards
  19 kobolds
  8 rats
  2 starspawn tentacles (Abyss:3)
  A tentacle (Shoals:4)
1427 creatures vanquished.

Vanquished Creatures (others)
  A deep elf knight (Elf:1)
  A wretched star (Abyss:3)
  2 redbacks
  A boggart (Elf:1)
  An electric eel (Shoals:2)
  48 fungi
  256 plants
  13 starspawn tentacles (Abyss:3)
  6 tentacles (Shoals:4)
329 creatures vanquished.

Grand Total: 1756 creatures vanquished

Notes
Turn   | Place    | Note
-------+----------+-------------------------------------------
     0 | D:1      | Pooter the Minotaur Hunter began the quest for the Orb.
     0 | D:1      | Reached XP level 1. HP: 18/18 MP: 0/0
   104 | D:1      | Reached XP level 2. HP: 21/25 MP: 1/1
   265 | D:1      | Reached skill level 5 in Ranged Weapons
   858 | D:1      | Reached XP level 3. HP: 31/31 MP: 2/2
  1460 | D:2      | Noticed Sigmund
  2116 | D:2      | Reached skill level 1 in Long Blades
  2283 | D:2      | Reached XP level 4. HP: 38/38 MP: 3/3
  2298 | D:2      | Killed Sigmund
  2299 | D:2      | Reached XP level 5. HP: 35/46 MP: 4/4
  2386 | D:2      | Found a faded altar of an unknown god.
  3037 | D:3      | HP: 2/46 [iguana (11)]
  3039 | D:3      | Reached skill level 1 in Polearms
  3039 | D:3      | Reached XP level 6. HP: 3/52 MP: 5/5
  3577 | D:3      | Reached skill level 1 in Maces & Flails
  3967 | D:4      | Noticed Menkaure
  4059 | D:4      | Killed Menkaure
  4198 | D:4      | Reached skill level 5 in Fighting
  4198 | D:4      | Reached XP level 7. HP: 28/61 MP: 6/6
  4456 | D:4      | Found a blossoming altar of Fedhas.
  4797 | D:4      | Found a runed translucent door.
  4798 | D:4      | Noticed Crazy Yiuf
  4804 | D:4      | Killed Crazy Yiuf
  4888 | D:5      | Entered Level 5 of the Dungeon
  4956 | D:5      | Found a staircase to the Ecumenical Temple.
  4975 | D:5      | Found a stormy altar of Qazlal.
  5297 | D:5      | Identified the +0 dagger of Cataclysm {freeze, Will+}
  5618 | D:5      | Found a transporter.
  5643 | Temple   | Entered the Ecumenical Temple
  5744 | Temple   | Became a worshipper of Warmaster Okawaru
  5796 | D:5      | Reached skill level 5 in Polearms
  5888 | D:5      | Found a transporter.
  6007 | D:5      | Reached XP level 8. HP: 40/70 MP: 7/7
  6145 | D:6      | Noticed Dowan
  6159 | D:6      | Killed Dowan
  6159 | D:6      | Reached * piety under Okawaru
  6177 | D:6      | Noticed Duvessa
  6186 | D:6      | Killed Duvessa
  6246 | D:6      | Found a sparkling altar of Nemelex Xobeh.
  6253 | D:6      | Found a transporter.
  6260 | D:6      | Found a transporter.
  6312 | D:6      | Noticed sleeves's ghost (novice DsFE)
  6468 | D:6      | Reached skill level 1 in Axes
  6874 | D:6      | Reached skill level 1 in Invocations
  6874 | D:6      | Reached XP level 9. HP: 60/79 MP: 8/8
  7104 | D:7      | Found a runed translucent door.
  7108 | D:7      | Noticed patfeehan111222's ghost (novice DsBe)
  7126 | D:7      | Killed patfeehan111222's ghost
  7181 | D:7      | Noticed a kobold demonologist
  7183 | D:7      | Killed a kobold demonologist
  7183 | D:7      | Reached ** piety under Okawaru
  7566 | D:7      | Reached skill level 5 in Axes
  8206 | D:8      | Found an opulent altar of Gozag.
  8252 | D:8      | Reached skill level 10 in Ranged Weapons
  8254 | D:8      | Reached XP level 10. HP: 26/90 MP: 9/11
  8313 | D:8      | Found a hide-covered altar of Uskayaw.
  8315 | D:8      | Found a glowing golden altar of the Shining One.
  8432 | D:8      | Noticed Maggie
  8440 | D:8      | Killed Maggie
  8559 | D:8      | Noticed Amaemon
  8561 | D:8      | Noticed an orange demon
  8569 | D:8      | Killed Amaemon
  8684 | D:8      | Killed an orange demon
  8841 | D:8      | Found a snail-covered altar of Cheibriados.
  9396 | D:9      | Found a shadowy altar of Dithmenos.
  9403 | D:9      | Found the +3 pair of gauntlets of War {Slay+5}
  9685 | D:9      | Reached *** piety under Okawaru
  9717 | D:9      | Reached skill level 5 in Invocations
  9724 | D:9      | Reached XP level 11. HP: 85/97 MP: 10/13
  9822 | D:9      | Noticed Joseph
  9841 | D:9      | Killed Joseph
  9952 | D:9      | Found a shimmering blue altar of Sif Muna.
 10294 | D:9      | Noticed a two-headed ogre
 10297 | D:9      | Killed a two-headed ogre
 10494 | D:9      | Noticed Grum
 10497 | D:9      | Killed Grum
 10501 | D:9      | Reached skill level 10 in Fighting
 10996 | D:9      | Reached skill level 10 in Axes
 11125 | D:10     | Entered Level 10 of the Dungeon
 11638 | D:10     | Noticed a two-headed ogre
 11641 | D:10     | Killed a two-headed ogre
 11881 | D:10     | Noticed Fannar
 11893 | D:10     | Killed Fannar
 11916 | D:10     | Reached **** piety under Okawaru
 12365 | D:10     | Found a hazy altar of Hepliaklqana.
 13196 | D:11     | Found Ihush's Magic Scroll Emporium.
 13205 | D:11     | Bought a scroll of identify for 32 gold pieces
 13205 | D:11     | Bought a scroll of identify for 32 gold pieces
 13205 | D:11     | Bought a scroll of identify for 32 gold pieces
 13212 | D:11     | Noticed a two-headed ogre
 13216 | D:11     | Killed a two-headed ogre
 13217 | D:11     | Reached XP level 12. HP: 108/108 MP: 13/15
 13316 | D:11     | Noticed a death yak
 13318 | D:11     | Noticed a death yak
 13321 | D:11     | Noticed a death yak
 13323 | D:11     | Killed a death yak
 13328 | D:11     | Killed a death yak
 13331 | D:11     | Killed a death yak
 13379 | D:11     | Found a staircase to the Lair.
 13551 | D:11     | Found Iredwi's Jewellery Boutique.
 13720 | D:11     | Found a portal to a secret trove of treasure.
 13756 | Lair:1   | Entered Level 1 of the Lair of Beasts
 13845 | D:11     | Bought a +4 ring of slaying for 936 gold pieces
 14223 | Lair:1   | Found a sacrificial altar of Ru.
 14995 | Lair:2   | Found a hole to the Spider Nest.
 15034 | Lair:2   | Reached ***** piety under Okawaru
 15041 | Lair:2   | Reached XP level 13. HP: 110/117 MP: 12/17
 15047 | Lair:2   | Found a staircase to the Shoals.
 15139 | Lair:2   | Found a shadowy altar of Dithmenos.
 15199 | Lair:2   | Found a dark tunnel.
 15210 | Volcano  | Entered a volcano
 15457 | Volcano  | Found a radiant altar of Vehumet.
 15522 | Volcano  | Reached skill level 15 in Ranged Weapons
 15704 | Volcano  | Found the +3 Elemental Staff {rElec rF+ rC+ AC+3}
 15950 | Lair:2   | HP: 4/118 [six-headed hydra (4)]
 16516 | Lair:2   | Received a gift from Okawaru
 16785 | Lair:3   | Found a runed translucent door.
 16785 | Lair:3   | Noticed jasper's ghost (adept SpCj)
 16953 | Lair:3   | Found a gate leading to a gauntlet.
 17026 | Gauntlet | Entered a Gauntlet
 17026 | Gauntlet | Found a transporter.
 17026 | Gauntlet | Found a transporter.
 17026 | Gauntlet | Found a runed translucent gate.
 17026 | Gauntlet | Found a runed translucent gate.
 17028 | Gauntlet | Found a runed translucent gate.
 17042 | Gauntlet | Found a transporter.
 17042 | Gauntlet | Found a transporter.
 17069 | Gauntlet | Identified the ring of Sunlight {rPois rC- AC+4 Slay+5}
 17078 | Gauntlet | Found a transporter.
 17090 | Gauntlet | Found a transporter.
 17100 | Gauntlet | Found a transporter.
 17136 | Gauntlet | Found a transporter.
 17169 | Gauntlet | Found a transporter.
 17190 | Gauntlet | Found a transporter.
 17196 | Gauntlet | Noticed a green death
 17214 | Gauntlet | Found a transporter.
 17239 | Gauntlet | Noticed a minotaur
 17245 | Gauntlet | Killed a minotaur
 17360 | Lair:3   | Reached skill level 15 in Axes
 17364 | Lair:3   | Killed jasper's ghost
 18039 | D:11     | Bought a scroll of silence for 152 gold pieces
 18146 | Lair:4   | Identified the staff of poison "Dohas" {rPois Int+7}
 18229 | Lair:4   | Identified the amulet of Hiki {RegenMP +Blink Str+3 Int+2
                  | SInv}
 18243 | Lair:4   | Reached XP level 14. HP: 120/127 MP: 19/19
 18814 | Lair:4   | Got the Omnibus of the Shadowy Retinue
 19772 | Lair:5   | Entered Level 5 of the Lair of Beasts
 19805 | Lair:4   | Reached skill level 1 in Armour
 19822 | Lair:5   | Reached skill level 1 in Evocations
 20198 | Lair:5   | Identified the +1 pair of boots of Quantum Leap {Dex+2}
                  | (Okawaru gifted it to you on level 5 of the Lair of Beasts)
 20198 | Lair:5   | Received a gift from Okawaru
 21001 | Lair:5   | Reached skill level 10 in Invocations
 23579 | Lair:5   | Found a corrupted altar of Lugonu.
 23579 | Lair:5   | Found a one-way gate to the infinite horrors of the Abyss.
 23598 | Lair:5   | Identified the ring of Ileyrot {Will+ Str+5}
 24027 | Lair:5   | Found a staircase to the Slime Pits.
 24030 | Lair:5   | Found a viscous altar of Jiyva.
 24399 | D:12     | Reached XP level 15. HP: 43/137 MP: 17/22
 24616 | D:12     | Identified the +5 chain mail of the Sun {rElec rF- Regen+
                  | SInv}
 24858 | D:12     | Noticed Lodul
 24870 | D:12     | Killed Lodul
 24874 | D:12     | Found a staircase to the Orcish Mines.
 25253 | Orc:1    | Entered Level 1 of the Orcish Mines
 25360 | Orc:2    | Entered Level 2 of the Orcish Mines
 25731 | Orc:1    | Reached skill level 5 in Armour
 27033 | Orc:1    | Paralysed by an orc sorcerer for 4 turns
 30407 | Orc:2    | Found a staircase to the Elven Halls.
 30826 | Orc:2    | Found Esouruylu's Book Boutique.
 30826 | Orc:2    | Found Oruaqodd's General Store.
 30826 | Orc:2    | Found Cium's Magic Scroll Emporium.
 30826 | Orc:2    | Found Razad's Weapon Shop.
 30836 | Orc:2    | Bought a potion of flight for 48 gold pieces
 30836 | Orc:2    | Bought a scroll of poison for 64 gold pieces
 30838 | Orc:2    | Bought a scroll of poison for 48 gold pieces
 30838 | Orc:2    | Bought a scroll of enchant armour for 90 gold pieces
 31027 | D:13     | Noticed Sonja
 31064 | D:13     | Found a gate to the Vaults.
 31119 | D:13     | Noticed Rupert
 31120 | Arena    | Entered the Arena
 31129 | Arena    | Killed Rupert
 31412 | D:13     | Noticed Frances
 31413 | Arena    | Entered the Arena
 31418 | Arena    | Killed Frances
 31623 | D:13     | Killed Sonja
 31656 | D:13     | You fall into a shaft and drop 2 floors!
 31656 | D:15     | Entered Level 15 of the Dungeon
 31741 | D:15     | Reached XP level 16. HP: 125/147 MP: 21/24
 31748 | D:15     | Reached skill level 5 in Evocations
 32154 | D:14     | Found a runed translucent gate.
 32154 | D:14     | Found a runed translucent gate.
 32154 | D:14     | Found a runed translucent gate.
 32175 | D:14     | Noticed Imiczer's ghost (journeyman FoFi)
 32752 | D:13     | Found Haefown's Distillery.
 32758 | D:13     | Bought a potion of mutation for 112 gold pieces
 32758 | D:13     | Bought a potion of curing for 42 gold pieces
 32758 | D:13     | Bought a potion of heal wounds for 70 gold pieces
 32758 | D:13     | Bought a potion of invisibility for 112 gold pieces
 32758 | D:13     | Bought a potion of heal wounds for 70 gold pieces
 32758 | D:13     | Bought a potion of cancellation for 112 gold pieces
 32758 | D:13     | Bought a potion of resistance for 140 gold pieces
 32758 | D:13     | Bought a potion of heal wounds for 70 gold pieces
 32872 | D:13     | Noticed Maurice
 32875 | D:13     | Killed Maurice
 33062 | D:14     | Found a sacrificial altar of Ru.
 34610 | D:15     | Reached skill level 15 in Fighting
 34618 | D:15     | Found a staircase to the Depths.
 34708 | D:15     | Found a shimmering blue altar of Sif Muna.
 34925 | D:15     | Identified the +1 ring mail "Jycump" {rN+ Str+4 Int+6}
                  | (Okawaru gifted it to you on level 15 of the Dungeon)
 34925 | D:15     | Received a gift from Okawaru
 35284 | D:6      | Killed sleeves's ghost
 35615 | D:14     | Killed Imiczer's ghost
 35660 | D:14     | Gained mutation: Your mind is acute. (Int +4, Str/Dex -1)
                  | [potion of mutation]
 35660 | D:14     | Gained mutation: You are frail. (-10% HP) [potion of
                  | mutation]
 35660 | D:14     | Gained mutation: You have hidden genetic potential. [potion
                  | of mutation]
 35661 | D:14     | Lost mutation: You have hidden genetic potential. [potion
                  | of mutation]
 35661 | D:14     | Lost mutation: You are frail. (-10% HP) [potion of
                  | mutation]
 35661 | D:14     | Gained mutation: You have sharp fingernails. [potion of
                  | mutation]
 35661 | D:14     | Gained mutation: You have sharp toenails. [potion of
                  | mutation]
 35661 | D:14     | Gained mutation: You are somewhat resistant to further
                  | mutation. [potion of mutation]
 35804 | Spider:1 | Entered Level 1 of the Spider Nest
 37560 | Spider:2 | Identified the +1 ring mail of Modesty {*Slow rPois rF+
                  | Will+}
 37615 | Spider:2 | Noticed Agnes
 37616 | Arena    | Entered the Arena
 37621 | Arena    | Killed Agnes
 38326 | Spider:2 | Reached XP level 17. HP: 154/156 MP: 26/26
 38903 | Spider:3 | Noticed Azrael
 38956 | Spider:3 | Killed Azrael
 40330 | Spider:4 | Entered Level 4 of the Spider Nest
 40944 | Spider:4 | Reached skill level 10 in Armour
 40985 | Spider:4 | Received a gift from Okawaru
 41017 | Spider:4 | Identified the +1 pair of boots "Muef" {rC+ rCorr}
 41209 | Spider:4 | Reached skill level 15 in Invocations
 43868 | Spider:4 | Got a gossamer rune of Zot
 44077 | Spider:4 | Noticed Arachne
 44124 | Spider:3 | Gained mutation: Your mind is very acute. (Int +8, Str/Dex
                  | -2) [mutagenic glow]
 44169 | Spider:4 | Killed Arachne
 44170 | Spider:4 | Reached XP level 18. HP: 94/168 MP: 26/28
 44495 | Shoals:1 | Entered Level 1 of the Shoals
 45018 | Shoals:1 | Identified the staff of poison "Keomonn" {rPois rC+ rN+
                  | Dex+2}
 45349 | Shoals:1 | You are sucked into a shaft and drop 1 floor!
 45775 | Shoals:1 | Identified the +9 falchion of the Trees {freeze, rElec rN+
                  | Dex-5}
 46014 | Shoals:1 | Upgraded the game from 0.30-a0-1124-g6e8f0f562f to
                  | 0.30-a0-1157-g2cc9ac7196
 46354 | Shoals:2 | Noticed Polyphemus
 46359 | Shoals:2 | Killed Polyphemus
 47194 | Shoals:2 | Found Jeapoiv's Weapon Shop.
 47502 | Shoals:2 | Found Hotidgh's Magic Scroll Shop.
 47523 | Shoals:2 | Bought a scroll of enchant weapon for 135 gold pieces
 47523 | Shoals:2 | Bought 2 scrolls of blinking for 270 gold pieces
 47528 | Shoals:2 | Noticed Ilsuiw
 47561 | Shoals:2 | Reached skill level 1 in Stealth
 47625 | Shoals:2 | Killed Ilsuiw
 48933 | Shoals:3 | Noticed Louise
 48947 | Shoals:3 | Killed Louise
 49579 | Shoals:4 | Entered Level 4 of the Shoals
 53890 | Shoals:4 | Got a barnacled rune of Zot
 53903 | Shoals:4 | Found a runed translucent door.
 53905 | Shoals:4 | Noticed Esekla's ghost (adept OpDe)
 53925 | Shoals:4 | Killed Esekla's ghost
 53988 | Shoals:4 | Identified the +4 scale mail of Zel Evve {Regen+ Int+2}
 54078 | Shoals:4 | Identified the +0 war axe of Dull Tender Mercy {venom, rN+}
 54128 | Shoals:4 | Got the Textbook on the Sizzling Shapeshifter
 54168 | Shoals:4 | Identified the staff of cold "Ocutan" {rPois rC+ rN+ Int-4}
 54175 | Shoals:4 | Identified the +7 flail of Death's Door {vamp, rC+ Str-5
                  | SInv}
 54751 | Elf:1    | Entered Level 1 of the Elven Halls
 55327 | Elf:1    | Reached XP level 19. HP: 177/177 MP: 24/29
 55418 | Elf:1    | Reached skill level 5 in Dodging
 56206 | Abyss:3  | Cast into level 3 of the Abyss (a wizard)
 56240 | Abyss:3  | Found a corrupted altar of Lugonu.
 56383 | Abyss:3  | Noticed a bone dragon
 56392 | Abyss:3  | Received a gift from Okawaru
 56402 | Abyss:3  | Killed a bone dragon
 56405 | Elf:1    | Escaped the Abyss
 56419 | Elf:1    | Lost mutation: You have sharp fingernails. [potion of
                  | mutation]
 56419 | Elf:1    | Lost mutation: You are somewhat resistant to further
                  | mutation. [potion of mutation]
 56419 | Elf:1    | Gained mutation: Your spells are a little harder to cast,
                  | but a little more powerful. [potion of mutation]
 56419 | Elf:1    | Gained mutation: You possess an exceptional clarity of
                  | mind. [potion of mutation]
 56905 | Elf:1    | Found a runed translucent door.
 56906 | Elf:1    | Noticed jasper's ghost (journeyman FeCj)
 56919 | Elf:1    | Killed jasper's ghost
 57952 | Elf:2    | Reached skill level 1 in Throwing
 58155 | Elf:2    | Reached skill level 5 in Stealth
 58683 | Elf:2    | Reached skill level 10 in Evocations
 61322 | Elf:2    | Found Uduj's Armour Boutique.
 61330 | Elf:2    | Bought the +0 gold dragon scales "Ripuwn" {rPois rF+ rC+
                  | Will+ Str+3} for 1285 gold pieces
 61417 | Elf:2    | Found a runed translucent gate.
 61417 | Elf:2    | Found a runed translucent gate.
 61424 | Elf:2    | Found a runed translucent gate.
 61691 | Elf:3    | Entered Level 3 of the Elven Halls
 61717 | Elf:3    | Found Zuwk's Antique Weapon Emporium.
 62370 | Elf:3    | Got Poohurit's Papyrus of Quicksand
 62445 | Elf:3    | Paralysed by an air elemental for 1 turns
 62449 | Elf:3    | Paralysed by an air elemental for 1 turns
 62861 | Elf:3    | Found Lolapur's Jewellery Shoppe.
 62862 | Elf:3    | Found Juherecs's Book Boutique.
 62863 | Elf:3    | Found Zoqyashru's Jewellery Shoppe.
 63531 | Slime:1  | Entered Level 1 of the Pits of Slime
 64741 | Slime:1  | Received a gift from Okawaru
 66963 | Slime:3  | Reached XP level 20. HP: 165/188 MP: 28/30
 67519 | Vaults:1 | Entered Level 1 of the Vaults
 67931 | Vaults:1 | HP: 7/188 [dire elephant (38)]
 67931 | Vaults:1 | Slain by a dire elephant

Illustrated notes

Levels and vault maps discovered:
D:1:      heliophobic_arrival_dark_side_of_the_moon, layout_rooms,
          hangedman_abyss_or_decor_stabs
D:2:      minmay_razor_zed, layout_basic, shapermc_ecumenical_altar_notcrosses,
          hangedman_decor_slide_cut, minmay_misc_feat_diagonals, uniq_sigmund
D:3:      wad_pebble_path, layout_basic
D:4:      layout_rooms, fedhas_altar_4, uniq_crazy_yiuf_cottage, uniq_menkaure
D:5:      gammafunk_steamed_eel, layout_gridville, mainiacjoe_overflow_chevrons,
          minmay_temple_entry_offerings
D:6:      layout_basic, nemelex_xobeh_ov_fountains_minmay,
          gammafunk_ghost_gnarly_gnolls, uniq_duvessa
D:7:      layout_layer_cave, ebering_ghost_reflecting_pool,
          hangedman_abyss_or_decor_stagger
D:8:      layout_basic, slow_altar_2, lemuel_crystal_altar,
          jmf_multi_god_temple, uniq_maggie, uniq_amaemon
D:9:      layout_basic, lemuel_crystal_altar, general_overflow_altar,
          onia_ninara_cookie, uniq_joseph, uniq_grum
D:10:     layout_layer_cave, nzn_hepliaklqana_mist_gate, uniq_fannar
D:11:     layout_gridville, dpeg_lair_monsters, serial_shops, shop,
          enter_trove_6, minmay_shop_enchanted_jewellery
D:12:     layout_roguey, orc_0_dummy, minmay_shattered_shrine, uniq_lodul
D:13:     layout_long_grid, david_vaults_2, serial_shops,
          nicolae_shop_industrial_runoff, hive_lemuel, uniq_sonja, uniq_frances,
          uniq_maurice, uniq_rupert
D:14:     layout_basic, maelrawn_ghost_gauntlet_escape, lemuel_crystal_altar,
          chequers_serial_rivers_marsh
D:15:     gammafunk_enter_depths_forms, layout_rooms,
          nicolae_sif_muna_condensation, minmay_misc_feat_cross
Temple:   hellmonk_temple_flake
Lair:1:   layout_chaotic_city, lemuel_centaur_altar, infiniplex_staircase_pool_2
Lair:2:   layout_cellular_growth, nicolae_shoals_entry_roost,
          nicolae_spider_entry_lesser_pyramids, basic_altar, enter_volcano_2,
          serial_bayou_ford_a
Lair:3:   layout_regular_city, gauntlet_entry_generic, gammafunk_ghost_grave
Lair:4:   layout_layer_cave, grunt_megastairs_4
Lair:5:   hellmonk_lair_end_abyssal_woods, layout_long_grid,
          nicolae_slime_entry_field_trip, grunt_megastairs_5, lemuel_fruit_tree,
          serial_bayou_shore_b, serial_bayou_shore_b
Shoals:1: layout_shoals, nicolae_shoals_lost_giant_temple
Shoals:2: layout_shoals, serial_shops, nicolae_shop_rolling_square, shop,
          nicolae_shoals_siren_and_animal_friends, uniq_polyphemus, uniq_ilsuiw
Shoals:3: layout_shoals, uniq_louise
Shoals:4: shoals_end_grunt_garden, layout_shoals, ebering_ghost_inner_flame
Spider:1: layout_spider_delve
Spider:2: layout_cave_pods, uniq_agnes
Spider:3: layout_spider_delve, uniq_azrael
Spider:4: guppyfry_spider_rune, uniq_arachne
Slime:1:  layout_caves
Slime:2:  layout_caves
Slime:3:  layout_caves, cheibrodos_slime_lost_civilization_4
Slime:4:  layout_caves
Orc:1:    layout_caves, mines2_david
Orc:2:    st_orc_ogre_mass, layout_caves
Elf:1:    eino_elf_arrival_customs, layout_loops_cross,
          ebering_ghost_reflecting_pool, hangedman_elf_disciples,
          nicolae_elf_vaults_five_recruitment_drive
Elf:2:    elven_hall_of_blades_hangedman_original [grunt_blade_entry_basic],
          layout_gridlike, serial_shops, nicolae_shop_tiny_statue_garden
Elf:3:    elf_hall, layout_geoelf_castle, serial_shops, shop,
          minmay_misc_feat_ornament, nicolae_elf_loose_elemental_storage,
          minmay_shop_grove
Vaults:1: dpeg_vaults_monster_row, vaults_room_fancy_cross,
          hangedman_vaults_nodes, hangedman_vaults_unwind,
          nicolae_vaults_closet_pinwheel_3, nicolae_vaults_diagonal_hallway_8,
          nicolae_vaults_offset_grid_hallway_4, ontoclasm_vaults_ligature,
          nicolae_vaults_hexular_roomagon, v_misc_9, vaults_mumra_chevron_long,
          nicolae_vaults_house_3, v_misc_19, hangedman_vaults_cutoff, st_lines,
          nicolae_vaults_circle_grid_b, nicolae_vaults_apartment_1,
          layout_vaults_maze, uniq_nikola, uniq_saint_roka

Skill      XL: |  1  2  3  4  5  6  7  8  9 10 11 12 13 14 15 16 17 18 19 20 |
---------------+-------------------------------------------------------------+-----
Fighting       | 3 4 5 6 7 8 9 10 11 12 13 14 15 16 17 18 | 18.3
Ranged Weapons | 5 6 7 8 10 11 13 14 16 17 18 19 20 21 | 21.2
Long Blades    | 1 3 |  3.3
Polearms       | 1 3 5 7 |  7.8
Maces & Flails | 1 |  1.2
Axes           | 2 6 8 11 13 15 16 17 19 21 | 21.6
Invocations    | 1 3 5 6 7 9 10 12 13 15 | 15.3
Armour         | 4 6 8 10 11 13 | 13.4
Evocations     | 3 4 6 8 9 10 | 10.0
Stealth        | 3 5 6 |  6.1
Dodging        | 4 7 |  7.8
Throwing       | 3 4 |  4.0

Action                     |  1- 3 |  4- 6 |  7- 9 | 10-12 | 13-15 | 16-18 | 19-21 || total
---------------------------+-------+-------+-------+-------+-------+-------+-------++-------
  Melee: Unarmed           |     8 |       |       |       |       |       |       ||     8
         Whip              |    20 |       |       |       |       |       |       ||    20
         Headbutt          |     7 |     7 |    18 |    58 |    68 |    99 |    36 ||   293
         Falchion          |     5 |     8 |       |       |       |       |       ||    13
         Halberd           |       |    46 |    82 |       |       |       |       ||   128
         Mace              |       |     6 |       |       |       |       |       ||     6
         Battleaxe         |       |       |    53 |   231 |   302 |   234 |   158 ||   978
         Executioner's axe |       |       |       |       |       |   150 |     4 ||   154
   Fire: Shortbow          |    90 |    65 |    36 |       |       |       |       ||   191
         Arbalest          |       |       |    35 |   186 |   161 |   829 |   264 ||  1475
         Hand crossbow     |       |       |       |       |   232 |       |       ||   232
  Throw: Boomerang         |       |       |       |     6 |       |       |       ||     6
         Dart              |       |       |       |     4 |    17 |       |       ||    21
         Javelin           |       |       |       |       |     1 |     3 |       ||     4
 Invoke: Heroism           |       |       |     5 |    27 |    28 |    33 |    17 ||   110
         Finesse           |       |       |       |     1 |     5 |     3 |     1 ||    10
         Duel              |       |       |       |       |     2 |     1 |       ||     3
  Evoke: Wand              |       |       |     7 |     2 |     7 |     3 |     2 ||    21
         Tin of tremorston |       |       |       |       |       |     4 |     2 ||     6
    Use: Scroll            |     2 |     1 |     3 |    18 |    14 |    11 |     8 ||    57
         Potion            |       |       |     3 |     1 |     6 |     6 |     2 ||    18
   Stab: Sleeping          |       |     1 |       |       |       |       |       ||     1
 Armour: Leather armour    |    19 |    25 |       |       |       |       |       ||    44
         Chain mail        |       |       |    65 |       |   106 |   810 |    88 ||  1069
         Plate armour      |       |       |    82 |   243 |   225 |       |       ||   550
         Gold dragon scale |       |       |       |       |       |       |   146 ||   146
  Dodge: Dodged            |    52 |    58 |    90 |   116 |   217 |   539 |   132 ||  1204
         Repelled          |       |       |       |       |       |    10 |    18 ||    28

Table legend: (Time is in decaauts)
 A = Elapsed time spent in this place.
 B = Non-inter-level travel time spent in this place.
 C = Inter-level travel time spent in this place.
 D = Time resting spent in this place.
 E = Time spent auto-exploring this place.
 F = Levels seen in this place.
 G = Mean time per level.
                   A        B        C        D        E       F      G
               +--------+--------+--------+--------+--------+-----+--------+
         Total |  69354 |  66197 |   3157 |  36952 |  18779 |  45 | 1541.2 |
       Dungeon |  20652 |  19109 |   1543 |   6567 |   9079 |  15 | 1376.8 |
        Temple |    112 |    102 |     10 |      0 |     83 |   1 |  112.0 |
          Lair |  10269 |   9563 |    706 |   4503 |   3437 |   5 | 2053.8 |
        Shoals |  10282 |  10090 |    192 |   6933 |   1793 |   4 | 2570.5 |
   Spider Nest |   8876 |   8714 |    162 |   5092 |   2476 |   4 | 2219.0 |
    Slime Pits |   3570 |   3570 |      0 |   3308 |      0 |   4 |  892.5 |
  Orcish Mines |   5906 |   5706 |    200 |   4632 |    714 |   2 | 2953.0 |
   Elven Halls |   8286 |   7945 |    341 |   5609 |   1030 |   3 | 2762.0 |
        Vaults |    171 |    171 |      0 |     36 |      0 |   1 |  171.0 |
         Abyss |    217 |    217 |      0 |      8 |      0 |   1 |  217.0 |
       Volcano |    698 |    698 |      0 |    170 |    166 |   1 |  698.0 |
      Gauntlet |    225 |    225 |      0 |     31 |      0 |   1 |  225.0 |
         Arena |     83 |     83 |      0 |     62 |      0 |   3 |   27.7 |
               +--------+--------+--------+--------+--------+-----+--------+

Top non-repeatable levels by time:
Shoals:4: 4924 daAuts
  Lair:5: 4678 daAuts
   Elf:2: 4478 daAuts
Spider:4: 3788 daAuts
   Orc:2: 3244 daAuts
   Orc:1: 2661 daAuts
   Elf:1: 2571 daAuts
Shoals:2: 2097 daAuts
     D:9: 1878 daAuts
Spider:1: 1820 daAuts
Spider:3: 1813 daAuts
    D:14: 1780 daAuts
  Lair:4: 1726 daAuts
Shoals:1: 1660 daAuts
    D:13: 1618 daAuts
